 Dungeon Crawl Stone Soup version 0.29-a0-321-gf1c400731a (webtiles) character file.

Game seed: 8784137647959137802

60 bande the Covered (level 4, -4/29 HPs)
             Began as a Gargoyle Fighter on Apr 3, 2022.
             Slain by a gnoll
             ... wielding a +0 flail
              (7 damage)
             ... on level 2 of the Dungeon.
             The game lasted 00:02:18 (1567 turns).

bande the Covered (Gargoyle Fighter)                Turns: 1567, Time: 00:02:18

Health: -4/29      AC: 10    Str: 19    XL:     4   Next: 6%
Magic:  4/4        EV:  9    Int:  9    God:
Gold:   94         SH:  4    Dex: 11    Spells: 3/3 levels left

rFire   . . .      SeeInvis .   a - +0 war axe
rCold   . . .      Faith    .   c - +0 buckler
rNeg    + . .      Spirit   .   b - +0 scale mail
rPois   ∞          Reflect  .   (no helmet)
rElec   +          Harm     .   (no cloak)
rCorr   .          Rampage  .   (no gloves)
Will    .....                   (no boots)
Stlth   ..........              (no amulet)
HPRegen 0.09/turn               (no ring)
MPRegen 0.09/turn               (no ring)

@: no status effects
A: sickness immunity, AC +3, negative energy resistance 1, electricity
resistance, torment resistance 1, petrification resistance
a: no special abilities


You were on level 2 of the Dungeon.
You visited 1 branch of the dungeon, and saw 2 of its levels.

You collected 94 gold pieces.

Inventory:

Hand Weapons
 a - a +0 war axe (weapon)
Armour
 b - a +0 scale mail (worn)
 c - a +0 buckler (worn)
Scrolls
 e - 2 scrolls of identify
 f - a scroll of enchant armour {unknown}
 i - 2 scrolls of noise
Potions
 d - 2 potions of might
 g - a potion of curing
 h - a potion of mutation {unknown}
 k - a potion of berserk rage {unknown}


   Skills:
 + Level 3.7 Fighting
 + Level 2.6 Axes
 + Level 4.0 Armour
 + Level 3.7 Shields


You had 3 spell levels left.
You didn't know any spells.
Your spell library was empty.

Dungeon Overview and Level Annotations

Branches:
Dungeon (2/15)

Altars:

Shops:
D:2 (=


Innate Abilities, Weirdness & Mutations

You are immune to sickness and miasma.
Your stone body is resilient. (AC +3)
You are immune to poison.
You resist negative energy. (rN+)
You are resistant to electric shocks. (rElec)
You are resistant to unholy torment.
You are immune to petrification.


Message History

The gnoll is severely wounded.
The gnoll hits you but does no damage.
You slash the gnoll!
You kill the gnoll!
You hit the gnoll. You hit the gnoll but do no damage.
The gnoll is heavily wounded.
You hit the gnoll but do no damage. The gnoll barely misses you. x2
The gnoll hits you but does no damage. The gnoll hits you with a +0 whip.
You hit the gnoll.
The gnoll is heavily wounded.
You closely miss the gnoll. You hit the gnoll but do no damage.
The gnoll closely misses you. The gnoll hits you with a +0 flail.
The gnoll hits you with a +0 whip.
You slash the gnoll!
You kill the gnoll!
You hit the gnoll. x2; The gnoll closely misses you. x2
The gnoll hits you with a +0 whip. The gnoll hits you with a +0 flail.
Your Armour skill increases to level 4!
You have reached level 4!
You feel clever.
You closely miss the gnoll.
The gnoll is moderately wounded.
You closely miss the gnoll. The gnoll hits you with a +0 flail.
* * * LOW HITPOINT WARNING * * *
The gnoll barely misses you.
Unknown command.
Unknown command.
You hit the gnoll but do no damage.
The gnoll is moderately wounded.
You barely miss the gnoll. The gnoll hits you with a +0 flail.
* * * LOW HITPOINT WARNING * * *
The gnoll hits you with a +0 whip.
* * * LOW HITPOINT WARNING * * *
Unknown command.
You slash the gnoll!
You kill the gnoll!
You hit the gnoll. You block the gnoll's attack.
The gnoll hits you with a +0 flail!
You die...

#.............###..##
#........#######....###
#.......## #..##...# #.......#
#.#####.### #.......# #.# #..##
#.......# ##.# ##...
########.......# ####..# #####..
#.............g###....## #.....#
#.######÷.....)@##.#######>#####
.#.#.#.#.#.#.#.#)#.## #.........
.....†...<.........)# ########..
.#.#.#.#.#.#.#.#.#.## #..#
.....)..............# ###.##
.#.#.#.#.#.#.#.#.#.## #...#
#####.##..<##...#########.###
#.........[...<)......#
####...###.############


You could see a gnoll.

Vanquished Creatures
  3 gnolls (D:2)
  An adder (D:2)
  5 ball pythons
  A bat (D:2)
  An endoplasm (D:2)
  3 goblins
  2 hobgoblins
  2 jackals (D:2)
  4 kobolds
  A quokka (D:1)
  10 frilled lizards
  A rat (D:2)
34 creatures vanquished.

Notes
Turn   | Place    | Note
-------+----------+-------------------------------------------
     0 | D:1      | bande the Gargoyle Fighter began the quest for the Orb.
     0 | D:1      | Reached XP level 1. HP: 14/14 MP: 1/1
   245 | D:1      | You fall into a shaft and drop 1 floor!
   245 | D:2      | Found Keoq Mik's Weapon Shoppe.
   261 | D:2      | Reached XP level 2. HP: 10/19 MP: 2/2
   495 | D:2      | Found Vefyhoh's Jewellery Emporium.
   847 | D:2      | Reached XP level 3. HP: 12/23 MP: 3/3
  1093 | D:1      | Found a faded altar of an unknown god.
  1565 | D:2      | Reached skill level 4 in Armour
  1565 | D:2      | Reached XP level 4. HP: 11/29 MP: 4/4
  1567 | D:2      | Slain by a gnoll

Illustrated notes

Levels and vault maps discovered:
D:1:      minmay_arrival_solitary_statue, layout_basic,
          hellmonk_ecumenical_altar_pennies_from_heaven, dreamdust_wishing_well,
          minmay_hedge_maze, minmay_lizard_pond
D:2:      layout_rooms, serial_shops, shop, nicolae_square_shop, shop,
          st_stairs_13

Skill      XL: |  1  2  3 |
---------------+----------+-----
Axes           | 2 |  2.6
Armour         | 4 |  4.0
Fighting       | |  3.7
Shields        | |  3.7

Action                   |  1- 3 |  4- 6 || total
-------------------------+-------+-------++-------
Melee: War axe           |   106 |     3 ||   109
  Use: Scroll            |     4 |       ||     4
Armor: Scale mail        |    78 |       ||    78
Dodge: Dodged            |    74 |     1 ||    75
Block: Buckler           |    28 |     1 ||    29

Table legend: (Time is in decaauts)
 A = Elapsed time spent in this place.
 B = Non-inter-level travel time spent in this place.
 C = Inter-level travel time spent in this place.
 D = Time resting spent in this place.
 E = Time spent auto-exploring this place.
 F = Levels seen in this place.
 G = Mean time per level.
                   A        B        C        D        E       F      G
               +--------+--------+--------+--------+--------+-----+--------+
         Total |   1618 |   1605 |     13 |    436 |    865 |   2 |  809.0 |
       Dungeon |   1618 |   1605 |     13 |    436 |    865 |   2 |  809.0 |
               +--------+--------+--------+--------+--------+-----+--------+

Top non-repeatable levels by time:
     D:2: 1084 daAuts
     D:1: 533 daAuts
